 Dungeon Sprint DCSS version bcrawl-1.19.2-6-g6a88ae04c9 (webtiles) character file.

Game seed: 17951925060383339120

10733 Freyura the Bludgeoner (level 11, -5/76 HPs)
             Began as a Gargoyle Fighter on Jan 7, 2020.
             Was the Champion of the Shining One.
             Killed by divine providence
             ... invoked by an orc priest
              (10 damage)
             ... in the Dungeon (Sprint IX: "|||||||||||||||||||||||||||||").
             The game lasted 00:05:56 (1503 turns).

Freyura the Bludgeoner (Gargoyle Fighter)           Turns: 1503, Time: 00:05:56

Health: -5/76      AC: 27    Str: 23    XL:     11   Next: 66%
Magic:  11/19      EV: 16    Int:  9    God:    the Shining One [******]
Gold:   682        SH: 23    Dex: 12    Spells: 10/10 levels left

rFire    . . .     SeeInvis .   a - +0 flail
rCold    . . .     Gourm    .   c - +0 shield
rNeg     + + +     Faith    .   q - +1 scale mail
rPois    ∞         Spirit   .   p - +2 helmet
rElec    +         Reflect  .   (no cloak)
rCorr    .         Harm     .   o - +2 pair of gloves
MR       .....     NoTele   +   u - +0 pair of boots
Stlth    ..........             (no amulet)
HPRegen  0.22/turn              r - +2 ring of evasion
MPRegen  0.16/turn              s - +3 ring of strength

@: divine shield, glowing
A: negative energy resistance 1, electricity resistance, unbreathing,
petrification resistance, rot immunity, AC +8
a: Divine Shield, Cleansing Flame, Summon Divine Warrior, Brand Weapon With Holy
Wrath, Renounce Religion


You were in the Dungeon.
You worshipped the Shining One.
The Shining One was exalted by your worship.
You were very hungry.

You visited 1 branch You collected 682 gold pieces.

Inventory:

Hand Weapons
 a - a +0 flail (weapon)
Armour
 c - a +0 shield (worn)
 o - a +2 pair of gloves (worn)
 p - a +2 helmet (worn)
 q - a +1 scale mail (worn)
 u - a +0 pair of boots (worn)
Jewellery
 r - a +2 ring of evasion (left hand)
 s - a +3 ring of strength (right hand)
Wands
 n - a wand of acid (10)
Scrolls
 k - 2 scrolls of blinking
 l - 5 scrolls of remove curse
 m - 2 scrolls of amnesia
 t - 2 scrolls of enchant weapon
Potions
 e - 7 potions of curing
 g - a potion of brilliance
 h - 3 potions of haste
 i - 4 potions of magic
 j - a potion of lignification
Comestibles
 f - 11 rations {!d}


   Skills:
 + Level 12.3 Fighting
 * Level 15.1 Maces & Flails
 + Level 12.3 Armour
 + Level 9.5 Dodging
 + Level 12.4 Shields
 + Level 10.9 Invocations


You had 10 spell levels left.
You didn't know any spells.
Your spell library was empty.

Dungeon Overview and Level Annotations

Branches:
Dungeon (1/1)

Altars:
Cheibriados
Dithmenos
Elyvilon
Fedhas
Gozag
Hepliaklqana
Kikubaaqudgha
Lugonu
Makhleb
Nemelex Xobeh
Okawaru
Qazlal
Ru
Sif Muna
Trog
Uskayaw
Vehumet
Wu Jian
Xom
Yredelemnul
Zin
The Shining One
Beogh
Jiyva


Innate Abilities, Weirdness & Mutations

You are resistant to torment.
Your stone body is resilient. (AC +8)
You are immune to poison.
You resist negative energy. (rN+)
You are resistant to electric shocks. (rElec)
You can survive without breathing.
You are immune to petrification.
You are immune to rotting.


Message History

Your daeva blocks the orc warrior's attack.
The orc sorcerer misses you.
You sock the orc sorcerer!
The orc sorcerer is almost dead.
You sock the orc sorcerer!
You kill the orc sorcerer!
The orc priest invokes the aid of Beogh against you.
Beogh smites you!
* * * LOW HITPOINT WARNING * * *
The orc warrior barely misses your daeva.
Your daeva calls down the wrath of the Shining One upon the orc warrior.
The orc warrior is smitten.
Your daeva calls down the wrath of the Shining One upon the orc warrior.
The orc warrior is smitten.
Your daeva blocks the orc warrior's attack.
Your daeva hits the orc warrior with a +4 scimitar of holy wrath!
The orc warrior dies!
The orc priest mumbles some strange prayers to Beogh against you.
Beogh smites you!
You die...

▓_▓.▓†▓.▓.▓
▓_▓.▓†▓.▓)▓
▓_▓.▓†▓.▓.▓
▓_▓.▓.▓)▓.▓
▓_▓.▓.▓.▓.▓
▓_▓.▓.▓.▓.▓
▓_▓.▓.▓.▓.▓
▓_▓.▓.▓.▓)▓
▓_▓.▓.▓.▓@▓
▓_▓.▓.▓.▓)▓
▓_▓.▓.▓.▓A▓
▓_▓.▓†▓.▓o▓
▓_▓.▓.▓.▓$▓
▓_▓.▓.▓.▓o▓
▓_▓.▓.▓.▓o▓
▓_▓.▓.▓.▓o▓
▓_▓.▓.▓.▓.▓


You could see 2 orc warriors, an orc priest, an orc and a friendly daeva.

Vanquished Creatures
  5 hydras (D)
  An unseen horror (D)
  An orc knight (D)
  An orc sorcerer (D)
  An ugly thing (D)
  An elephant (D)
  A black mamba (D)
  A cane toad (D)
  2 komodo dragons (D)
  2 polar bears (D)
  A hornet (D)
  2 blink frogs (D)
  A hippogriff (D)
  Grum (D)
  A basilisk (D)
  A crocodile (D)
  A water moccasin (D)
  9 orc warriors (D)
  6 black bears (D)
  5 wolves (D)
  A centaur (D)
  2 bullfrogs (D)
  A big kobold (D)
  A wight (D)
  3 crimson imps (D)
  2 hounds (D)
  3 orc priests (D)
  4 orc wizards (D)
  2 adders (D)
  An ooze (D)
  A leopard gecko (D)
  3 orcs (D)
  A bat skeleton (D)
  A hobgoblin (D)
  2 kobolds (D)
  A leopard gecko skeleton (D)
73 creatures vanquished.

Vanquished Creatures (collateral kills)
  An orc warrior (D)
1 creature vanquished.

Grand Total: 74 creatures vanquished

Notes
Turn   | Place    | Note
-------+----------+-------------------------------------------
     0 | D        | Freyura the Gargoyle Fighter began the quest for the Orb.
     0 | D        | Reached XP level 1. HP: 14/14 MP: 1/1
    13 | D        | Reached skill level 1 in Dodging
    13 | D        | Reached XP level 2. HP: 16/20 MP: 2/2
    18 | D        | Reached skill level 3 in Maces & Flails
   101 | D        | Noticed a wight
   101 | D        | Noticed a crimson imp
   101 | D        | Noticed a crimson imp
   101 | D        | Noticed a centaur
   110 | D        | Killed a wight
   110 | D        | Reached skill level 4 in Maces & Flails
   110 | D        | Reached XP level 3. HP: 15/24 MP: 3/3
   122 | D        | Reached skill level 5 in Maces & Flails
   122 | D        | Reached XP level 4. HP: 11/30 MP: 4/4
   129 | D        | Killed a centaur
   129 | D        | Reached skill level 5 in Fighting
   129 | D        | Reached skill level 6 in Maces & Flails
   129 | D        | Reached skill level 5 in Armour
   129 | D        | Reached skill level 5 in Shields
   129 | D        | Reached XP level 5. HP: 8/36 MP: 5/5
   189 | D        | Reached skill level 7 in Maces & Flails
   189 | D        | Reached XP level 6. HP: 41/41 MP: 6/6
   199 | D        | Found a roughly hewn altar of Beogh.
   199 | D        | Found a snail-covered altar of Cheibriados.
   199 | D        | Found a shadowy altar of Dithmenos.
   199 | D        | Found a white marble altar of Elyvilon.
   199 | D        | Found a blossoming altar of Fedhas.
   199 | D        | Found an opulent altar of Gozag.
   200 | D        | Found a hazy altar of Hepliaklqana.
   201 | D        | Found a viscous altar of Jiyva.
   202 | D        | Found an ancient bone altar of Kikubaaqudgha.
   203 | D        | Found a corrupted altar of Lugonu.
   204 | D        | Found a burning altar of Makhleb.
   205 | D        | Found a sparkling altar of Nemelex Xobeh.
   206 | D        | Found an iron altar of Okawaru.
   207 | D        | Found a stormy altar of Qazlal.
   208 | D        | Found a sacrificial altar of Ru.
   209 | D        | Found a shimmering blue altar of Sif Muna.
   210 | D        | Found a bloodstained altar of Trog.
   211 | D        | Found a hide-covered altar of Uskayaw.
   212 | D        | Found a radiant altar of Vehumet.
   213 | D        | Found an ornate altar of the Wu Jian Council.
   214 | D        | Found a shimmering altar of Xom.
   215 | D        | Found a basalt altar of Yredelemnul.
   216 | D        | Found a glowing silver altar of Zin.
   217 | D        | Found a glowing golden altar of the Shining One.
   225 | D        | Became a worshipper of the Shining One
   268 | D        | Noticed an orc warrior
   268 | D        | Noticed a six-headed hydra
   268 | D        | Reached * piety under the Shining One
   268 | D        | Noticed a green ugly thing
   284 | D        | Killed a six-headed hydra
   284 | D        | Reached skill level 9 in Maces & Flails
   284 | D        | Reached skill level 5 in Dodging
   284 | D        | Reached XP level 7. HP: 31/49 MP: 6/10
   284 | D        | Reached XP level 8. HP: 34/54 MP: 6/11
   287 | D        | Reached skill level 10 in Maces & Flails
   287 | D        | Reached skill level 5 in Invocations
   287 | D        | Noticed an unseen horror
   292 | D        | Killed an unseen horror
   306 | D        | Killed a green ugly thing
   306 | D        | Reached skill level 11 in Maces & Flails
   306 | D        | Reached XP level 9. HP: 41/60 MP: 8/13
   307 | D        | Reached ** piety under the Shining One
   361 | D        | Noticed a four-headed hydra
   361 | D        | Reached *** piety under the Shining One
   376 | D        | Killed a four-headed hydra
   378 | D        | Reached skill level 10 in Shields
   379 | D        | Reached skill level 12 in Maces & Flails
   554 | D        | Noticed a komodo dragon
   554 | D        | Reached **** piety under the Shining One
   554 | D        | Noticed a black mamba
   554 | D        | Noticed a cane toad
   554 | D        | Noticed a komodo dragon
   564 | D        | Killed a komodo dragon
   564 | D        | Reached skill level 10 in Fighting
   565 | D        | Noticed a hornet
   575 | D        | Reached skill level 10 in Armour
   588 | D        | Killed a black mamba
   588 | D        | Reached XP level 10. HP: 67/68 MP: 14/16
   600 | D        | Killed a cane toad
   622 | D        | Reached skill level 13 in Maces & Flails
   692 | D        | Reached ***** piety under the Shining One
   692 | D        | Noticed an eight-headed hydra
   692 | D        | Noticed a four-headed hydra
   698 | D        | Noticed an elephant
   708 | D        | Killed an eight-headed hydra
   715 | D        | Killed a four-headed hydra
   715 | D        | Noticed an eight-headed hydra
   738 | D        | Reached XP level 11. HP: 55/74 MP: 18/18
   748 | D        | Reached skill level 14 in Maces & Flails
   758 | D        | Killed an eight-headed hydra
   758 | D        | Reached skill level 10 in Invocations
   922 | D        | Reached ****** piety under the Shining One
  1044 | D        | Noticed Grum
  1059 | D        | Killed Grum
  1436 | D        | Noticed an orc knight
  1457 | D        | Noticed an orc sorcerer
  1474 | D        | Killed an orc knight
  1478 | D        | Reached skill level 15 in Maces & Flails
  1501 | D        | Killed an orc sorcerer
  1503 | D        | Killed from afar by an orc priest

Skill      XL: |  1  2  3  4  5  6  7  8  9 10 11 |
---------------+----------------------------------+-----
Dodging        | 1 2 3 5 6 7 8 9 |  9.5
Maces & Flails | 4 5 6 7 9 11 12 13 15 | 15.1
Fighting       | 4 5 6 8 9 10 11 12 | 12.3
Armour         | 4 5 6 8 9 10 11 12 | 12.3
Shields        | 4 5 6 8 9 10 11 12 | 12.4
Invocations    | 4 6 8 9 10 | 10.9

Action                   |  1- 3 |  4- 6 |  7- 9 | 10-12 || total
-------------------------+-------+-------+-------+-------++-------
Melee: Flail             |    42 |    56 |    71 |   254 ||   423
Invok: Divine Shield     |       |       |     1 |     5 ||     6
       Summon Divine War |       |       |       |     1 ||     1
  Use: Potion            |       |     3 |     1 |     3 ||     7
       Scroll            |       |       |     4 |       ||     4
  Eat: Chunk             |       |       |       |     2 ||     2
Armor: Scale mail        |    17 |    36 |    25 |    63 ||   141
Dodge: Dodged            |    11 |    35 |    22 |    83 ||   151
Block: Shield            |    20 |    38 |    56 |   217 ||   331
